 Dungeon Crawl Stone Soup version 0.29.1-2-gbd0b4ee654 (webtiles) character file.

Game seed: 3147379362329281895

2908 Earthwalker the Protected (level 9, -5/79 (82) HPs)
             Began as a Minotaur Fighter on Oct 24, 2022.
             Killed from afar by a steam dragon (18 damage)
             ... with a ball of steam
             ... on level 9 of the Dungeon.
             The game lasted 00:09:54 (8408 turns).

Earthwalker the Protected (Minotaur Fighter)        Turns: 8408, Time: 00:09:54

HP:   -5/79 (82)    AC:  8    Str: 25    XL:     9   Next: 49%
MP:   8/8           EV:  9    Int:  5    God:
Gold: 463           SH:  6    Dex: 10    Spells: 8/8 levels left

rFire   . . .      SeeInvis +   a - +0 war axe
rCold   . . .      Faith    .   c - +0 buckler
rNeg    . . .      Spirit   .   b - +0 scale mail
rPois   +          Reflect  .   (helmet restricted)
rElec   .          Harm     .   y - scarf {repulsion}
rCorr   .          Rampage  .   (no gloves)
Will    .....                   (no boots)
Stlth   ..........              (no amulet)
HPRegen 0.23/turn               r - ring of poison resistance
MPRegen 0.11/turn               N - ring of see invisible

@: lightly drained, repel missiles
A: horns 2, retaliatory headbutt
a: no special abilities


You were on level 9 of the Dungeon.
You visited 2 branches of the dungeon, and saw 10 of its levels.

You collected 475 gold pieces.
You spent 12 gold pieces at shops.

Inventory:

Hand Weapons
 a - a +0 war axe (weapon)
Missiles
 C - a throwing net
 K - 2 atropa-tipped darts
 S - 2 boomerangs (quivered)
Armour
 b - a +0 scale mail (worn)
 c - a +0 buckler (worn)
 y - a scarf of repulsion (worn)
 D - the +3 ring mail of Inaction {Will+ MP+9}
   (You found it on level 4 of the Dungeon)

   MP:        It affects your magic capacity (+9).
   Will:      It increases your willpower.
Jewellery
 r - a ring of poison resistance (left hand)
 t - an amulet of faith
 x - a ring of flight
 G - a +6 ring of dexterity
 N - a ring of see invisible (right hand)
 O - a ring of willpower
 U - a +4 ring of slaying
Wands
 s - a wand of roots (23)
 I - a wand of paralysis (5)
 M - a wand of polymorph (17)
 P - a wand of flame (7)
Scrolls
 e - 7 scrolls of identify {unknown}
 i - a scroll of silence {unknown}
 j - 3 scrolls of teleportation
 l - a scroll of fog {unknown}
 n - a scroll of vulnerability {unknown}
 o - 2 scrolls of noise {unknown}
 v - a scroll of brand weapon {unknown}
 z - a scroll of enchant weapon {unknown}
 A - a scroll of immolation {unknown}
 F - 4 scrolls of enchant armour {unknown}
 H - 5 scrolls of blinking {unknown}
 L - a scroll of summoning {unknown}
 R - a scroll of amnesia {unknown}
 T - a scroll of poison {unknown}
Potions
 d - 5 potions of might
 f - 2 potions of magic {unknown}
 g - 3 potions of curing {unknown}
 h - a potion of ambrosia {unknown}
 k - a potion of degeneration {unknown}
 m - a potion of haste {unknown}
 p - 2 potions of heal wounds {unknown}
 q - a potion of lignification {unknown}
 u - a potion of brilliance {unknown}
 w - 4 potions of cancellation {unknown}
 B - 4 potions of flight {unknown}
 E - a potion of mutation {unknown}
 J - a potion of invisibility {unknown}
 Q - a potion of berserk rage {unknown}


   Skills:
 + Level 8.7 Fighting
 + Level 8.3 Axes
 + Level 8.8 Armour
 + Level 8.7 Shields


You had 8 spell levels left.
You didn't know any spells.
Your spell library contained the following spells:

 Spells                   Type           Power      Damage    Failure   Level
 Slow                     Hex            0%         N/A       80%         1
 Blink                    Tloc           0%         N/A       90%         2
 Call Canine Familiar     Summ           0%         N/A       99%         3
 Confusing Touch          Hex            0%         N/A       99%         3
 Lesser Beckoning         Tloc           0%         N/A       99%         3
 Portal Projectile        Hex/Tloc       0%         N/A       99%         3
 Vampiric Draining        Necr           0%         2d6       99%         3
 Leda's Liquefaction      Hex/Erth       0%         N/A       100%        4
 Manifold Assault         Tloc           0%         N/A       100%        5


Dungeon Overview and Level Annotations

Branches:
Dungeon (9/15)             Temple (1/1) D:7
   Lair: D:8-11         Orc: D:9-12

Altars:
Ashenzari
Cheibriados
Dithmenos
Elyvilon
Fedhas
Gozag
Hepliaklqana
Kikubaaqudgha
Makhleb
Okawaru
Ru
Sif Muna
Uskayaw
Vehumet
Xom
Yredelemnul
The Shining One

Shops:
D:5 *

Annotations:
D:4 2 transporters, RKaid's ghost, amateur TeHu


Innate Abilities, Weirdness & Mutations

You have a pair of horns on your head.
You reflexively headbutt those who attack you in melee.


Message History

The steam dragon is moderately wounded.
You hit the kobold. You barely miss the kobold.
You are engulfed in a cloud of scalding steam.
The steam dragon bites you but does no damage.
The steam dragon claws you but does no damage.
The kobold barely misses you. The kobold hits you but does no damage.
You feel drained.
You slash the kobold!
You kill the kobold!
You hit the steam dragon. You closely miss the kobold.
The steam dragon breathes steam at you. The ball of steam hits you!
You block the kobold's attack. The steam dragon bites you.
The steam dragon claws you.
* * * LOW HITPOINT WARNING * * *
The kobold hits you with a +2 whip of draining.
* * * LOW HITPOINT WARNING * * *
You feel drained.
You are too injured to fight recklessly!
You slash the steam dragon!
The steam dragon is almost dead.
You slash the kobold!
You kill the kobold!
The steam dragon bites you.
* * * LOW HITPOINT WARNING * * *
The steam dragon claws you.
* * * LOW HITPOINT WARNING * * *
You barely miss the steam dragon.
The steam dragon is almost dead.
The steam dragon barely misses you.
The steam dragon claws you but does no damage.
You hit the steam dragon. Your headbutt misses the steam dragon.
The steam dragon is almost dead.
The steam dragon bites you.
* * * LOW HITPOINT WARNING * * *
You block the steam dragon's attack.
You closely miss the steam dragon.
The steam dragon is almost dead.
The steam dragon breathes steam at you. The ball of steam hits you!!
You die...

#........#
#.!......#
#........#
#.ยง......#
#.)......#
#........#
#........#
#)@......#
......)D......#
..............#
..............#
..............#
..............#
...............
......#########


You could see a steam dragon (catching breath).

Vanquished Creatures
  4 yaks (D:8)
  A steam dragon (D:6)
  2 water moccasins
  An orc warrior (D:7)
  2 ice beasts
  2 ogres (D:5)
  3 centaurs (D:7)
  2 phantoms
  A kobold brigand (D:9)
  2 necrophages
  3 gnoll sergeants
  A jelly (D:7)
  3 hounds
  An orc priest (D:3)
  2 gnoll boudas
  4 iguanas
  4 orc wizards
  19 gnolls
  10 adders
  A shadow imp (D:6)
  A white imp (D:5)
  An ufetubus (D:7)
  3 worms
  4 dart slugs
  17 orcs
  6 endoplasms
  4 giant cockroaches
  6 goblins
  5 hobgoblins
  8 jackals
  9 kobolds
  5 quokkas
  4 ball pythons
  3 bats (D:1)
  2 frilled lizards (D:1)
  3 rats
149 creatures vanquished.

Vanquished Creatures (others)
  A kobold (D:9)
  4 plants
5 creatures vanquished.

Grand Total: 154 creatures vanquished

Notes
Turn   | Place    | Note
-------+----------+-------------------------------------------
     0 | D:1      | Earthwalker the Minotaur Fighter began the quest for the
                  | Orb.
     0 | D:1      | Reached XP level 1. HP: 19/19 MP: 0/0
   166 | D:1      | Found a faded altar of an unknown god.
   170 | D:1      | Reached XP level 2. HP: 27/27 MP: 1/1
   247 | D:1      | You fall into a shaft and drop 1 floor!
   288 | D:2      | Reached XP level 3. HP: 33/33 MP: 2/2
  1418 | D:3      | Reached XP level 4. HP: 33/41 MP: 3/3
  1518 | D:3      | Noticed an ice beast
  1527 | D:3      | Killed an ice beast
  1528 | D:3      | Reached XP level 5. HP: 30/47 MP: 4/4
  1777 | D:3      | Reached skill level 5 in Armour
  1792 | D:3      | Found a shimmering altar of Xom.
  1792 | D:3      | Found a hide-covered altar of Uskayaw.
  1794 | D:3      | Found an iron altar of Okawaru.
  1986 | D:3      | Reached skill level 5 in Fighting
  1986 | D:3      | Reached skill level 5 in Shields
  1990 | D:3      | Reached XP level 6. HP: 36/56 MP: 5/5
  2429 | D:4      | Identified the +3 ring mail of Inaction {Will+ MP+9}
  2504 | D:4      | Identified the +8 dire flail of Spontaneous Combustion
                  | {venom, Str+2}
  2505 | D:4      | Noticed RKaid's ghost (amateur TeHu)
  2509 | D:4      | Found a transporter.
  2514 | D:4      | Found a transporter.
  2526 | D:4      | Found a white marble altar of Elyvilon.
  3534 | D:4      | Reached skill level 5 in Axes
  3534 | D:4      | Reached XP level 7. HP: 47/62 MP: 6/6
  3846 | D:5      | Entered Level 5 of the Dungeon
  4779 | D:5      | Reached XP level 8. HP: 21/71 MP: 7/7
  5055 | D:5      | Found Isauf's CLEARANCE SALE!.
  5064 | D:5      | Bought a scroll of teleportation for 12 gold pieces
  5469 | D:6      | Identified the +0 robe of Servitude {Rampage Drain rElec
                  | Dex+5}
  6232 | D:7      | Found a staircase to the Ecumenical Temple.
  6255 | Temple   | Entered the Ecumenical Temple
  7183 | D:7      | Found a broken altar of Ashenzari.
  7252 | D:7      | Reached XP level 9. HP: 53/81 MP: 8/8
  8372 | D:8      | Noticed an eight-headed hydra
  8408 | D:9      | Killed from afar by a steam dragon

Illustrated notes

Levels and vault maps discovered:
D:1:      amcnicky_arrival_wind_blow, layout_loops_ring,
          shapermc_ecumenical_altar_starsandcircs
D:2:      layout_rooms, amcnicky_mini_rare_corridor_liquid,
          amcnicky_mini_corridor_feature
D:3:      layout_loops_cross, gammafunk_temple_overflow_forgotten
D:4:      minmay_door_path, layout_basic, elyvilon_altar_4,
          gammafunk_ghost_smash
D:5:      layout_rooms, grunt_decor_arrowhead, grunt_decor_mini_mirrors,
          nicolae_shop_clearance
D:6:      minmay_angry_zag, layout_loops_ring
D:7:      layout_basic, nicolae_ashenzari_panopticon,
          minmay_temple_entry_gardened_gates
D:8:      layout_loops_ring, trog_three_pillars_becter,
          kennysheep_generic_room_14
D:9:      layout_irregular_city, nemelex_xobeh_ov_fountains_minmay,
          mainiacjoe_overflow_catwalk_spiral, erik_lair_orcish_takeover,
          minivault_25_ag, due_unseen_surprise
Temple:   hellmonk_temple_flake

Skill      XL: |  1  2  3  4  5  6  7  8  9 |
---------------+----------------------------+-----
Fighting       | 4 5 6 7 8 |  8.7
Axes           | 3 4 5 6 7 8 |  8.3
Armour         | 4 5 6 8 |  8.8
Shields        | 4 5 6 7 8 |  8.7

Action                   |  1- 3 |  4- 6 |  7- 9 || total
-------------------------+-------+-------+-------++-------
Melee: War axe           |    94 |   106 |   226 ||   426
       Headbutt          |    11 |    14 |    35 ||    60
Throw: Dart              |       |       |     7 ||     7
       Boomerang         |       |       |    11 ||    11
 Stab: Invisible         |       |       |     1 ||     1
Armor: Scale mail        |    45 |    46 |    93 ||   184
Dodge: Dodged            |    38 |    52 |   103 ||   193
       Repelled          |       |       |     1 ||     1
Block: Buckler           |    27 |    24 |    88 ||   139
